 Dungeon Crawl Stone Soup version 0.24-a0-489-g1c7b743 (webtiles) character file.

Game seed: 12191037679331311239

5789 robbits the Cleaver (level 11, -19/95 HPs)
             Began as a Formicid Fighter on July 11, 2019.
             Was an Initiate of Gozag.
             Demolished by a komodo dragon (22 damage)
             ... on level 12 of the Dungeon.
             The game lasted 00:21:52 (8940 turns).

robbits the Cleaver (Formicid Fighter)              Turns: 8940, Time: 00:21:53

Health: -19/95     AC: 15    Str: 32    XL:     11   Next: 6%
Magic:  11/11      EV: 15    Int:  8    God:    Gozag
Gold:   300        SH: 13    Dex: 15    Spells: 10/10 levels left

rFire    + . .     SeeInvis +   a - +0 war axe
rCold    + + +     Gourm    .   c - +0 shield
rNeg     + . .     Faith    .   p - +3 scale mail of the Land of Plenty {Str+3}
rPois    +         Spirit   .   (helmet unavailable)
rElec    +         Reflect  .   (no cloak)
rCorr    +         Harm     .   i - +1 pair of gloves
MR       +....                  I - +0 pair of boots
Stlth    +.........             (no amulet)
HPRegen  0.25/turn              y - ring of protection from cold
MPRegen  0.12/turn              j - ring of positive energy

@: mighty, agile, resistant, gold aura, very slightly contaminated, invisible
A: permanent stasis, dig shafts and tunnels, four strong arms, antennae 3,
talons 1, cold resistance 1, robust 1, wild magic 1
a: Dig, Shaft Self, Potion Petition, Call Merchant, Bribe Branch, Renounce
Religion


You were on level 12 of the Dungeon.
You worshipped Gozag.
Gozag was aware of your devotion.
You were very hungry.

You visited 2 branches of the dungeon, and saw 11 of its levels.
You also visited: Ossuary.

You collected 984 gold pieces.
You spent 143 gold pieces at shops.
You paid 541 gold pieces to Gozag.

Inventory:

Hand Weapons
 a - a +0 war axe (weapon)
 H - a +0 hand axe of flaming
Missiles
 E - a throwing net (quivered)
Armour
 b - a +0 scale mail
 c - a +0 shield (worn)
 i - a +1 pair of gloves (worn)
 p - the +3 scale mail of the Land of Plenty (worn) {Str+3}
   (You acquired it on level 8 of the Dungeon)

   It affects your strength (+3).
 I - a +0 pair of boots (worn)
Jewellery
 j - a ring of positive energy (right hand)
 u - a +2 ring of intelligence
 y - a ring of protection from cold (left hand)
 C - an uncursed ring of fire
 D - a +3 ring of intelligence
 G - an uncursed ring of flight
Wands
 k - a wand of disintegration (8)
 q - a wand of flame (18)
 x - a wand of iceblast (16)
Scrolls
 g - 6 scrolls of amnesia
 h - 3 scrolls of remove curse
 l - a scroll of fear
 m - a scroll of identify
 n - 3 scrolls of magic mapping
 r - 3 scrolls of enchant armour
 t - 3 scrolls of fog
 v - 2 scrolls of enchant weapon
Potions
 d - 3 potions of might
 e - 3 potions of curing
 o - a potion of invisibility
 s - 3 potions of flight
 z - 2 potions of resistance
 F - a potion of brilliance
 J - 2 potions of agility
Comestibles
 f - 7 rations


   Skills:
 + Level 8.4 Fighting
 * Level 10.4 Axes
 + Level 8.5 Armour
 - Level 9.0 Shields


You had 10 spell levels left.
You didn't know any spells.
Your spell library contained the following spells:

 Spells                   Type           Power        Failure   Level  Hunger
 Animate Skeleton         Necr           N/A          69%         1    ##.....
 Apportation              Tloc           #.....       69%         1    ##.....
 Confusing Touch          Hex            #.....       69%         1    ##.....
 Summon Small Mammal      Summ           #...         69%         1    ##.....


Dungeon Overview and Level Annotations

Branches:
Dungeon (9/15)             Temple (1/1) D:5            Lair (0/6) D:8
    Orc: D:9-12

Altars:
Ashenzari
Cheibriados
Dithmenos
Elyvilon
Fedhas
Gozag
Hepliaklqana
Kikubaaqudgha
Makhleb
Nemelex Xobeh
Okawaru
Qazlal
Ru
Sif Muna
Trog
Uskayaw
Vehumet
Wu Jian
Xom
Yredelemnul
Zin
The Shining One

Shops:
D:4 !   D:7 ([


Innate Abilities, Weirdness & Mutations

You cannot be hasted, slowed, berserked, paralysed or teleported.
You can dig through walls and to a lower floor.
Your four strong arms can wield two-handed weapons with a shield.
You have a pair of large antennae on your head. (SInv)
You have sharp toenails.
Your flesh is cold resistant. (rC+)
You are robust. (+10% HP)
Your spells are a little harder to cast, but a little more powerful.


Message History

You block the komodo dragon's attack.
You slice the komodo dragon!!
The komodo dragon is heavily wounded.
The komodo dragon bites you!!
* * * LOW HITPOINT WARNING * * *
Okay, then. [a] - 725 gold - curing, magic, resistance and might [b] - 189 gold - agility and flight [c] - 440 gold - resistance, invisibility and agility Purchase which effect?
You no longer have enough gold to petition Gozag for potion effects.
You feel protected.
You fade into invisibility!
You feel more agile all of a sudden. You block the komodo dragon's attack.
You are very lightly contaminated with residual magic.
You hit the komodo dragon.
The komodo dragon is severely wounded.
The komodo dragon bites you!!
You die...
Your body crumbles into a pile of gold.

*****##...................#,{,,
*,,,,,....................+,,,,
*******#......#########...#****
#......#,,,{{,,*......,,
****###.....$+,,,,,,{*.......,
*,,,.........+,,,,,,{*.......,
*,,,.........##,,,{,,*.......,
*,,,.........$#,,,,,**...[...,
*,,,...?....l@#,,,,,*,,,,,,,,,
*,,,..........#,,****,,,,,,,,,
*,,,..........#***,,,,,,,,,,,,
****###........,,,,,,,,,,,,,,,
**⌠** #..#######,,,,,,********
**,,,**#..*,,,$,*,,,,,,*
*8,,,8*#.,*,,,,,*,,,,,,*
**,,,***,,*,,,,,*,,,,,,* *,,,*
*,,+,,,,,*,,,,,,*


You could see a komodo dragon.

Vanquished Creatures
  An unseen horror (D:12)
  A wizard (D:12)
  Pikel (D:3)
  3 hippogriffs
  2 vampire mosquitoes (D:12)
  2 water moccasins
  A hornet zombie (D:7)
  A sky beast (D:6)
  An orc warrior (D:7)
  An eye of draining (D:9)
  A necrophage (D:7)
  4 ogres
  2 bullfrogs
  A big kobold (D:8)
  4 scorpions
  6 killer bees (D:9)
  3 wights (D:7)
  2 howler monkeys
  6 crimson imps
  A quasit (D:5)
  2 jellies
  7 hounds
  2 bullfrog skeletons
  4 orc priests
  Ijyb (D:3)
  2 iguanas
  2 orc wizards
  Natasha (thrice) (D:3)
  10 worker ants
  2 hound zombies
  2 hound skeletons
  12 mummies (Ossuary)
  10 gnolls
  10 adders
  A shadow imp (D:5)
  2 oozes
  A worm zombie (D:8)
  3 worms
  A dart slug (D:1)
  4 leopard geckos
  29 orcs
  4 giant cockroaches
  10 goblins
  13 hobgoblins
  10 kobolds
  4 quokkas
  A ball python (D:3)
  10 bats
  4 frilled lizards
  2 gnoll skeletons (Ossuary)
  2 goblin skeletons (Ossuary)
  A kobold skeleton (Ossuary)
  3 orc skeletons (Ossuary)
  9 rats
  11 rat skeletons (Ossuary)
  A spectral orc (D:4)
239 creatures vanquished.

Vanquished Creatures (others)
  2 hounds (D:4)
  2 gnolls (D:4)
  An ooze (D:4)
  An orc (D:4)
6 creatures vanquished.

Grand Total: 245 creatures vanquished

Notes
Turn   | Place    | Note
-------+----------+-------------------------------------------
     0 | D:1      | robbits the Formicid Fighter began the quest for the Orb.
     0 | D:1      | Reached XP level 1. HP: 18/18 MP: 1/1
    47 | D:1      | Reached XP level 2. HP: 24/24 MP: 2/2
   252 | D:1      | Reached XP level 3. HP: 29/29 MP: 3/3
   918 | D:2      | Reached XP level 4. HP: 31/37 MP: 4/4
   925 | D:2      | Reached skill level 3 in Axes
  1229 | D:2      | Reached XP level 5. HP: 42/42 MP: 5/5
  1497 | D:3      | Noticed Natasha
  1510 | D:3      | Killed Natasha
  1510 | D:3      | Reached skill level 5 in Shields
  1543 | D:3      | Found a stormy altar of Qazlal.
  1572 | D:3      | Noticed Ijyb
  1581 | D:3      | Killed Ijyb
  1645 | D:3      | Noticed Natasha
  1652 | D:3      | Killed Natasha
  1652 | D:3      | Reached XP level 6. HP: 43/48 MP: 6/6
  1702 | D:3      | Reached skill level 4 in Axes
  1740 | D:3      | Noticed Natasha
  1743 | D:3      | Found a glowing silver altar of Zin.
  1747 | D:3      | Killed Natasha
  2127 | D:4      | Noticed a slave
  2128 | D:4      | Noticed Pikel
  2131 | D:4      | Noticed a slave
  2132 | D:4      | Noticed a slave
  2132 | D:4      | Noticed a slave
  2517 | D:4      | Reached XP level 7. HP: 26/55 MP: 7/7
  2800 | D:3      | Gained mutation: Your system is resistant to poisons.
                  | (rPois) [potion of mutation]
  2800 | D:3      | Gained mutation: You are somewhat resistant to further
                  | mutation. [potion of mutation]
  2802 | D:3      | Killed Pikel
  2802 | D:3      | Reached skill level 5 in Fighting
  2802 | D:3      | Reached skill level 5 in Axes
  2802 | D:3      | Reached skill level 5 in Armour
  2802 | D:3      | Reached XP level 8. HP: 9/62 MP: 8/8
  3218 | D:4      | Found Ohiraosh's Distillery.
  3224 | D:4      | Bought a potion of curing for 39 gold pieces
  3224 | D:4      | Bought a potion of mutation for 104 gold pieces
  3224 | D:4      | Lost mutation: Your system is resistant to poisons. (rPois)
                  | [potion of mutation]
  3224 | D:4      | Lost mutation: You are somewhat resistant to further
                  | mutation. [potion of mutation]
  3224 | D:4      | Gained mutation: Your muscles are strong. (Str +2) [potion
                  | of mutation]
  3224 | D:4      | Lost mutation: Your muscles are strong. (Str +2) [potion of
                  | mutation]
  3224 | D:4      | Gained mutation: You are dopey. (Int -2) [potion of
                  | mutation]
  3224 | D:4      | Gained mutation: Your flesh is cold resistant. (rC+)
                  | [potion of mutation]
  3473 | D:4      | Reached skill level 6 in Axes
  3642 | D:4      | Found a basalt altar of Yredelemnul.
  4099 | D:5      | Entered Level 5 of the Dungeon
  4162 | D:5      | Found a staircase to the Ecumenical Temple.
  4515 | D:5      | Reached XP level 9. HP: 68/68 MP: 9/9
  4751 | D:5      | Found a snail-covered altar of Cheibriados.
  5138 | D:5      | Found a faded altar of an unknown god.
  5138 | D:5      | Found a white marble altar of Elyvilon.
  5206 | D:5      | Gained mutation: Your body sometimes deteriorates upon
                  | taking damage. [potion of mutation]
  5206 | D:5      | Gained mutation: Your spells are a little harder to cast,
                  | but a little more powerful. [potion of mutation]
  5206 | D:5      | Lost mutation: You are dopey. (Int -2) [potion of mutation]
  5270 | D:5      | Found a shimmering altar of Xom.
  5272 | D:5      | Found a faded altar of an unknown god.
  5273 | D:5      | Found a shattered altar of Ashenzari.
  5416 | D:6      | Reached skill level 7 in Axes
  5732 | Temple   | Entered the Ecumenical Temple
  5798 | Temple   | Became a worshipper of Gozag Ym Sagoz the Greedy
  6026 | D:6      | Found a bloodstained altar of Trog.
  6027 | D:6      | Found an iron altar of Okawaru.
  6867 | D:7      | Found Womiynk's Armour Shoppe.
  6930 | D:7      | Reached skill level 8 in Axes
  6954 | D:7      | Reached XP level 10. HP: 59/77 MP: 10/10
  6989 | D:7      | Found Petameilo's Antique Weapon Boutique.
  7795 | D:8      | Found a staircase to the Lair.
  8010 | D:8      | Found a sand-covered staircase.
  8017 | D:8      | Reached skill level 9 in Axes
  8027 | Ossuary  | Entered an ossuary
  8130 | Ossuary  | Lost mutation: Your body sometimes deteriorates upon taking
                  | damage. [potion of mutation]
  8130 | Ossuary  | Lost mutation: Your spells are a little harder to cast, but
                  | a little more powerful. [potion of mutation]
  8130 | Ossuary  | Gained mutation: Your spells are a little harder to cast,
                  | but a little more powerful. [potion of mutation]
  8130 | Ossuary  | Gained mutation: You are robust. (+10% HP) [potion of
                  | mutation]
  8130 | Ossuary  | Gained mutation: You have sharp toenails. [potion of
                  | mutation]
  8447 | D:8      | Identified a scroll of acquirement
  8451 | D:8      | Got a jewelled scale mail
  8462 | D:8      | Identified the +3 scale mail of the Land of Plenty {Str+3}
                  | (You acquired it on level 8 of the Dungeon)
  8652 | D:9      | You fall into a shaft and drop 3 floors!
  8882 | D:12     | Noticed a wizard
  8897 | D:12     | Killed a wizard
  8897 | D:12     | Reached skill level 10 in Axes
  8914 | D:12     | Noticed an unseen horror
  8917 | D:12     | Noticed a komodo dragon
  8936 | D:12     | Killed an unseen horror
  8936 | D:12     | Reached XP level 11. HP: 20/95 MP: 11/11
  8938 | D:12     | HP: 3/95 [komodo dragon (18)]
  8940 | D:12     | Demolished by a komodo dragon

Levels and vault maps discovered:
D:1:      dpeg_arrival_oval, layout_loops_ring, due_unseen_surprise
D:2:      layout_loops_ring
D:3:      layout_loops_ring, nicolae_qazlal_eye_of_the_storm,
          lemuel_coloured_pillars_altar, first_ration, uniq_ijyb, uniq_natasha
D:4:      layout_layer_cave, yredelemnul_forgotten_temple_becter, serial_shops,
          shop, uniq_pikel
D:5:      layout_gridville, chequers_temple_overflow_minitemple,
          cheibrodos_worm_habitat, minmay_temple_entry_butterflies, minivault_1,
          minmay_increasing_density
D:6:      layout_basic, grunt_temple_overflow_bloody_war
D:7:      layout_gridville, serial_shops, kennysheep_little_box, shop
D:8:      layout_basic, lair_entry_dummy, enter_ossuary_3
D:9:      layout_basic, serial_shops, nicolae_shop_behind_doors, david_nohive_1
D:12:     lemuel_ice_spiral_2, layout_irregular_city, serial_shops, shop,
          chequers_avenue, corexii_hall_statues_deadend
Temple:   nicolae_temple_god_jail

Skill      XL: |  1  2  3  4  5  6  7  8  9 10 |
---------------+-------------------------------+-----
Shields        | 4 5 7 8 9 |  9.0
Axes           | 3 4 5 6 8 10 | 10.4
Fighting       | 4 5 6 8 |  8.4
Armour         | 4 5 6 8 |  8.5

Action                   |  1- 3 |  4- 6 |  7- 9 | 10-12 || total
-------------------------+-------+-------+-------+-------++-------
Melee: War axe           |    90 |   203 |   336 |   368 ||   997
Invok: Potion Petition   |       |       |       |     2 ||     2
 Abil: Dig               |     1 |       |       |       ||     1
       Shaft Self        |       |       |       |     1 ||     1
  Use: Scroll            |     1 |       |    14 |     9 ||    24
       Potion            |       |     3 |     6 |     5 ||    14
 Stab: Distracted        |       |       |       |     1 ||     1
  Eat: Chunk             |       |     6 |     7 |       ||    13
       Ration            |       |       |     2 |     2 ||     4
Armor: Scale mail        |    45 |    92 |    92 |   143 ||   372
Dodge: Dodged            |    27 |    75 |   127 |    96 ||   325
Block: Shield            |    57 |   100 |   201 |   184 ||   542

Table legend:
 A = Non-vault XP
 B = Vault XP
 C = Vault XP percentage of total XP
 D = Non-vault monster count
 E = Vault monster count
 F = Vault count percentage of total count
                 A         B        C        D         E       F
            +---------+---------+-------+---------+---------+-------
      Total |    7123 |    1148 |  13.9 |     196 |      43 |  18.0
            +---------+---------+-------+---------+---------+-------
        D:1 |      51 |       0 |   0.0 |      25 |       0 |   0.0
        D:2 |      99 |       0 |   0.0 |      24 |       0 |   0.0
        D:3 |     258 |     703 |  73.2 |      30 |       3 |   9.1
        D:4 |     615 |       1 |   0.2 |      26 |       1 |   3.7
        D:5 |     690 |      58 |   7.8 |      19 |       4 |  17.4
        D:6 |     366 |      14 |   3.7 |      13 |       1 |   7.1
        D:7 |    1277 |       0 |   0.0 |      30 |       0 |   0.0
        D:8 |     706 |       6 |   0.8 |      11 |       1 |   8.3
        D:9 |     895 |     134 |  13.0 |      11 |       2 |  15.4
       D:12 |    2166 |       0 |   0.0 |       7 |       0 |   0.0
    Ossuary |       0 |     232 | 100.0 |       0 |      31 | 100.0
            +---------+---------+-------+---------+---------+-------
